 Dungeon Crawl Stone Soup version 0.19-a0-1899-g2d93087 (webtiles) character file.

359 Jorund the Slasher (level 6, 0/32 HPs)
             Began as a Vine Stalker Fighter on Oct 19, 2016.
             Slain by a killer bee (2 damage)
             ... on level 5 of the Dungeon.
             The game lasted 00:06:58 (2580 turns).

Jorund the Slasher (Vine Stalker Fighter)           Turns: 2580, Time: 00:06:59

Health: 0/32       AC: 10    Str: 26    XL:     6   Next: 65%
Magic:  0/7        EV: 10    Int:  8    God:
Gold:   408        SH:  0    Dex: 13    Spells: 0 memorised, 5 levels left

rFire  + . .     SeeInvis .     a - +0 long sword
rCold  . . .     Gourm    .     b - +0 scale mail
rNeg   . . .     Faith    .     (no shield)
rPois  +         Spirit   +     B - +0 helmet
rElec  .         Reflect  .     (no cloak)
rCorr  .         Harm     .     q - +0 pair of gloves
MR     .....                    x - +0 pair of boots
Stlth  ..........               (no amulet)
                                v - ring of poison resistance
                                p - ring of protection from fire

@: mighty, marked, very slightly contaminated, hasted, very quick
A: fangs 2, regeneration 1, magic shield, antimagic bite, no device heal 3, rot
immunity
a: no special abilities


You were on level 5 of the Dungeon.
You were hungry.

You visited 1 branch of the dungeon, and saw 5 of its levels.

You collected 408 gold pieces.

Inventory:

Hand Weapons
 a - a +0 long sword (weapon)
Missiles
 e - 20 poisoned needles
 l - 3 curare-tipped needles
Armour
 b - a +0 scale mail (worn)
 c - a +0 shield
 q - a +0 pair of gloves (worn)
 x - a +0 pair of boots (worn)
 B - a +0 helmet (worn)
Jewellery
 p - a ring of protection from fire (left hand)
 v - a ring of poison resistance (right hand)
Scrolls
 m - a scroll of magic mapping
 n - 4 scrolls of identify
 o - a scroll of amnesia
 t - a scroll of fog
 w - a scroll of teleportation {unknown}
 y - a scroll of immolation {unknown}
 C - a scroll of blinking {unknown}
 D - a scroll of remove curse
 E - a scroll of recharging
Potions
 d - a potion of might
 h - a potion of heal wounds
 j - a potion of ambrosia
 k - a potion of lignification
 z - 2 potions of brilliance
 A - a potion of degeneration {unknown}
Books
 i - a book of Necromancy

   Spells                             Type                      Level
   a - Pain                           Necromancy                   1
   b - Animate Skeleton               Necromancy                   1
   c - Vampiric Draining              Necromancy                   3
   d - Regeneration                   Charms/Necromancy            3
   e - Animate Dead                   Necromancy                   4
   f - Control Undead                 Necromancy                   4
 r - a book of Misfortune

   Spells                             Type                      Level
   a - Confusing Touch                Hexes                        1
   b - Confuse                        Hexes                        3
   c - Gell's Gravitas                Hexes/Translocation          3
   d - Petrify                        Transmutation/Earth          4
   e - Metabolic Englaciation         Hexes/Ice                    5
   f - Yara's Violent Unravelling     Hexes/Transmutation          5
Comestibles
 f - 5 bread rations
 u - a beef jerky


   Skills:
 - Level 2.6 Fighting
 + Level 4.9 Long Blades
 + Level 4.2 Armour
 - Level 2.6 Shields


You had 5 spell levels left.
You didn't know any spells.

Dungeon Overview and Level Annotations

Branches:
Dungeon (5/15)
 Temple: D:4-7

Altars:
Ashenzari
Fedhas
Gozag
Hepliaklqana


Innate Abilities, Weirdness & Mutations

You have extremely sharp teeth.
Your natural rate of healing is unusually fast.
When hurt, damage is shared between your health and your magic reserves.
Your bite disrupts and absorbs the magic of your enemies.
Potions and wands cannot restore your health.
You are immune to rotting.


Message History

The killer bee is heavily wounded.
The killer bee stings you.
* * * LOW HITPOINT WARNING * * *
You are lethally poisoned!
The killer bee poisons you! The killer bee closely misses you.
A crimson imp comes into view.
* * * LOW HITPOINT WARNING * * *
You feel sick.
You see here a killer bee corpse.
You slash the killer bee! Your bite misses the killer bee.
The killer bee is almost dead.
The killer bee closely misses you.
A worm comes into view.
Unknown command.
You miss the killer bee. Your bite misses the killer bee.
The killer bee is almost dead.
The killer bee barely misses you. The killer bee completely misses you.
Unknown command.
Your system rejects the healing.
You feel better. The killer bee stings you.
You die...

#.# .###..#
#h##########......#
#......... .#...#.#
#.######## .......
#.# ...#.# #.#
#.##.# #.#
####.##.#
#w#########O5<....#
#......@yyya##.####
##############.#
#.. ####


You could see an ogre, a worm, a worker ant, 3 killer bees and a crimson imp.

Vanquished Creatures
  3 killer bees (D:5)
  A hound (D:5)
  A jelly (D:5)
  An orc priest (D:4)
  An iguana (D:4)
  3 adders
  4 worms
  3 dart slugs
  A leopard gecko (D:1)
  3 orcs
  5 giant cockroaches
  5 goblins
  7 hobgoblins
  9 jackals
  2 quokkas
  2 ball pythons (D:1)
  7 bats
  2 frilled lizards
  6 kobolds
  6 rats
72 creatures vanquished.

Notes
Turn   | Place    | Note
-------+----------+-------------------------------------------
     0 | D:1      | Jorund the Vine Stalker Fighter began the quest for the Orb.
     0 | D:1      | Reached XP level 1. HP: 11/11 MP: 2/2
   166 | D:1      | Reached XP level 2. HP: 16/16 MP: 3/3
   554 | D:1      | Reached XP level 3. HP: 17/19 MP: 1/4
   921 | D:2      | Found a hazy altar of Hepliaklqana.
  1239 | D:2      | Gained mutation: Your natural rate of healing is unusually fast. [Vine Stalker growth]
  1239 | D:2      | Reached XP level 4. HP: 11/23 MP: 0/5
  1783 | D:3      | Found a blossoming altar of Fedhas.
  1783 | D:3      | Found a faded altar of an unknown god.
  1788 | D:3      | Found a shattered altar of Ashenzari.
  1790 | D:3      | Found a faded altar of an unknown god.
  1792 | D:3      | Found a faded altar of an unknown god.
  2140 | D:4      | Reached XP level 5. HP: 27/27 MP: 6/6
  2386 | D:4      | Found an opulent altar of Gozag.
  2507 | D:5      | Entered Level 5 of the Dungeon
  2558 | D:5      | Reached XP level 6. HP: 30/32 MP: 7/7
  2572 | D:5      | HP: 1/32 [killer bee (5)]
  2577 | D:5      | HP: 1/32 [poisoned by a killer bee]
  2580 | D:5      | Slain by a killer bee

Vault maps used:
D:1:      evilmike_arrival_run_for_it, minmay_domino_2
D:2:      overflow_temple_1_default, first_bread
D:3:      chequers_temple_overflow_minitemple
D:4:      lemuel_round_altar, kennysheep_crisscross

Skill      XL: |  1  2  3  4  5 |
---------------+----------------+-----
Long Blades    | 2 3 4 |  4.9
Armour         | 3 4 |  4.2
Fighting       | |  2.6
Shields        | |  2.6

Action                   |  1- 3 |  4- 6 || total
-------------------------+-------+-------++-------
Melee: Long sword        |   100 |    88 ||   188
       Bite              |    31 |    24 ||    55
  Use: Scroll            |       |    11 ||    11
       Potion            |       |     4 ||     4
  Eat: Chunk             |     1 |     4 ||     5
Armor: Scale mail        |    61 |    67 ||   128
Dodge: Dodged            |    64 |    74 ||   138
       Rpst.: Long sword |    20 |    23 ||    43
